 Dungeon Sprint DCSS version 0.31.0-11-ge490571c62 (webtiles) character file.

Game seed: 3658977911376403937

137 boopmooplesden the Covered (level 5, -3/50 HPs)
             Began as an Armataur Fighter on Feb 8, 2024.
             Was a Priest of Trog.
             Slain by a steam dragon (6 damage)
             ... in the Dungeon (Sprint V: "Ziggurat Sprint").
             The game lasted 00:01:21 (121 turns).

boopmooplesden the Covered (Armataur Fighter)        Turns: 121, Time: 00:01:22

Health: -3/50      AC: 34    Str: 21    XL:     5   Next: 0%
Magic:  6/14       EV: -1    Int:  8    God:    Trog [***...]
Gold:   0          SH: 27    Dex: 12    Spells: 4/4 levels left

rFire   . . .        D - +11 Screaming Sword {sonic wave}
rCold   . . .        C - +18 shield of the Gong {Loud rN+ Will+ rCorr EV-5}
rNeg    + . .        B - +15 Maxwell's patent armour {-Cast -Tele rElec Will+ rCorr}
rPois   .            (no helmet)
rElec   +            (no cloak)
rCorr   +            (no gloves)
SInv    .            (no barding)
Will    ++...        (no amulet) Stlth
                     b - ring of the Tortoise {AC+8}
HPRegen 0.28/turn    c - ring "Fyasor" {rCorr MP+9 Slay+4 Stlth+}
MPRegen 0.14/turn

%: no teleportation, no spellcasting, roll
@: on berserk cooldown, slowed, very slow
A: large, deformed body, tough skin 3, armoured tail, roll 1
a: Renounce Religion, Berserk, Trog's Hand


You were in the Dungeon.
You worshipped Trog.
Trog was most pleased with you.
You visited 1 branch

Inventory:

Hand Weapons
 a - a +0 long sword
 D - the +11 Screaming Sword (weapon) {sonic wave}
   (You found it in the Dungeon)
Armour
 B - the +15 Maxwell's patent armour (worn) {-Cast -Tele rElec Will+ rCorr}
   (You found it in the Dungeon)

   rElec:     It insulates you from electricity.
   Will+:     It increases your willpower.
   -Cast:     It prevents spellcasting.
   -Tele:     It prevents most forms of teleportation.
   rCorr:     It protects you from acid and corrosion.
 C - the +18 shield of the Gong (worn) {Loud rN+ Will+ rCorr EV-5}
   (You found it in the Dungeon)

   Loud:      It is deafeningly noisy when blocking attacks.
   EV-5:      It affects your evasion (-5).
   rN+:       It protects you from negative energy.
   Will+:     It increases your willpower.
   rCorr:     It protects you from acid and corrosion.
Jewellery
 b - the ring of the Tortoise (left hand) {AC+8}
   (You found it in the Dungeon)

   [ring of protection]

   AC+8:      It affects your AC (+8).
 c - the ring "Fyasor" (right hand) {rCorr MP+9 Slay+4 Stlth+}
   (You found it in the Dungeon)

   [ring of resist corrosion]

   Slay+4:    It affects your accuracy & damage with ranged weapons and melee
   (+4).
   MP+9:      It affects your magic capacity (+9).
   rCorr:     It protects you from acid and corrosion.
   Stlth+:    It makes you more stealthy.
 u - a ring of flight
 v - a +6 ring of dexterity
 w - a +6 ring of dexterity
 x - a +6 ring of intelligence
 y - a +6 ring of intelligence
 z - a +6 ring of strength
 A - a +6 ring of strength
Wands
 s - a wand of mindburst (7)
 t - a wand of acid (7)
Scrolls
 j - 4 scrolls of blinking
 o - 4 scrolls of amnesia
 p - 7 scrolls of fog
 q - 5 scrolls of identify
 r - 2 scrolls of fear
Potions
 d - 6 potions of might
 e - 10 potions of curing
 f - 10 potions of heal wounds
 g - 6 potions of haste
 h - 7 potions of magic
 i - 3 potions of berserk rage
 k - 2 potions of brilliance
 l - 2 potions of invisibility
 m - 4 potions of resistance
 n - a potion of experience


   Skills:
 + Level 5.7 Fighting
 + Level 3.4 Long Blades
 + Level 7.4 Armour
 + Level 6.6 Shields


You had 4 spell levels left.
You didn't know any spells.
Your spell library was empty.

Dungeon Overview and Level Annotations

Branches:
Dungeon (1/1)

Altars:
Ashenzari
Cheibriados
Dithmenos
Elyvilon
Fedhas
Gozag
Hepliaklqana
Kikubaaqudgha
Makhleb
Nemelex Xobeh
Okawaru
Qazlal
Ru
Sif Muna
Trog
Uskayaw
Vehumet
Wu Jian
Xom
Yredelemnul
Zin
The Shining One
Jiyva
Lugonu

Annotations:
D 1 transporter


Innate Abilities, Weirdness & Mutations

Armour fits poorly on your strangely shaped body.
You have extremely tough skin. (AC +3)
You have a long armoured tail.
You regenerate magic when rolling toward enemies. (Rampage MPRegen)


Message History

The steam dragon bites you but does no damage.
The steam dragon claws you but does no damage.
The rime drake bites itself but does no damage.
The rime drake closely misses the swamp drake.
You feel a strong urge to attack something.
Unknown command.
You bump into the unnaturally hard rock wall.
The steam dragon bites you but does no damage.
The steam dragon claws you. The steam dragon breathes steam at you.
The ball of steam hits you!!
You bump into the unnaturally hard rock wall.
You feel your anger nearly subside.
You are engulfed in a cloud of scalding steam.
You are no longer berserk.
You are exhausted.
You feel yourself slow down. The steam dragon breathes steam at you.
The ball of steam hits you!
The swamp drake bites you but does no damage.
The steam dragon bites you but does no damage.
The steam dragon claws you.
* * * LOW HITPOINT WARNING * * *
You slice the steam dragon!!
The Screaming Sword shouts, "MURDER!
DEATH!!
KILL!!!"
You send a blast of sound all around you.
You kill the swamp drake!
Trog accepts your kill.
The rime drake is heavily wounded.
You kill the steam dragon!
Trog accepts your kill.
The steam dragon is lightly wounded.
You are engulfed in a cloud of scalding steam.
* * * LOW HITPOINT WARNING * * *
You feel less confused. You block the steam dragon's attack.
GONNNNG!
The steam dragon claws you but does no damage.
The steam dragon bites you.
You die...

▓..©..▓..©..▓▓▓▓▓▓▓
▓▓▓▓▓▓▓▓▓▓▓▓▓▓
▓..8©8...▓
▓..:):...▓
▓.k.?....▓
▓........▓
▓........▓
▓.▓..D.▓.▓
▓...©†@..▓
▓▓▓▓▓▓▓▓▓▓


You could see a rime drake (confused) and a steam dragon (catching breath).

Vanquished Creatures
  A steam dragon (D)
  A swamp drake (D)
  2 scorpions (D)
  2 adders (D)
  5 ball pythons (D)
11 creatures vanquished.

Notes
Turn   | Place    | Note
-------+----------+-------------------------------------------
     0 | D        | boopmooplesden the Armataur Fighter began the quest for the
                  | Orb.
     0 | D        | Reached XP level 1. HP: 18/18 MP: 1/1
     0 | D        | Found a shimmering blue altar of Sif Muna.
     0 | D        | Found a sacrificial altar of Ru.
     0 | D        | Found a bloodstained altar of Trog.
     0 | D        | Found a stormy altar of Qazlal.
     0 | D        | Found an iron altar of Okawaru.
     0 | D        | Found a sparkling altar of Nemelex Xobeh.
     0 | D        | Found a blossoming altar of Fedhas.
     0 | D        | Found the +6 Majin-Bo {spellvamp, MP+6 Int+6}
     0 | D        | Found the +27 heavy crossbow "Sniper" {heavy, Acc+∞ SInv}
     0 | D        | Found the +10 dark maul {heavy}
     0 | D        | Found the +15 Maxwell's patent armour {-Cast -Tele rElec
                  | Will+ rCorr}
     0 | D        | Found the +18 shield of the Gong {Loud rN+ Will+ rCorr
                  | EV-5}
     0 | D        | Found the +16 obsidian axe {drain, demonic, Mesm ^Drain Fly
                  | SInv}
     0 | D        | Found the +7 great mace "Firestarter" {flame, immolate,
                  | rFlCloud rF++}
     0 | D        | Found the +6 shillelagh "Devastator" {shatter}
     0 | D        | Found the +11 plutonium sword {^Contam Stlth-}
     0 | D        | Found the +8 lance "Wyrmbane" {slay drac, rPois rF+ rC+
                  | AC+3}
     0 | D        | Found the +9 sword of Zonguldrok {reap}
     0 | D        | Found the +13 scythe of Curses {drain, curses, ^Drain}
     0 | D        | Found the +9 sword of Power {lifebolt}
     0 | D        | Found the +7 mace of Variability {chaos, chaos arc}
     0 | D        | Found the +11 Singing Sword {sonic wave}
     0 | D        | Found the +8 storm bow {elec, penet}
     2 | D        | Found a transporter.
     2 | D        | Found an ancient bone altar of Kikubaaqudgha.
     2 | D        | Found a viscous altar of Jiyva.
     2 | D        | Found a corrupted altar of Lugonu.
     2 | D        | Found a hazy altar of Hepliaklqana.
     2 | D        | Found a burning altar of Makhleb.
     2 | D        | Found an opulent altar of Gozag.
    59 | D        | Became a worshipper of Trog the Wrathful
    71 | D        | Entered arena 2.
    71 | D        | Noticed a scorpion
    71 | D        | Noticed a scorpion
    71 | D        | Found a transporter.
    72 | D        | Killed a scorpion
    72 | D        | Killed a scorpion
    73 | D        | Reached skill level 5 in Fighting
    73 | D        | Reached skill level 7 in Armour
    73 | D        | Reached XP level 2. HP: 29/29 MP: 2/2
    73 | D        | Reached XP level 3. HP: 36/36 MP: 3/3
    73 | D        | Reached XP level 4. HP: 42/42 MP: 4/4
    81 | D        | Entered arena 3.
    81 | D        | Found a transporter.
    83 | D        | Reached * piety under Trog
    90 | D        | Entered arena 4.
    90 | D        | Found the ring of the Tortoise {AC+8}
    90 | D        | Found the +9 staff of Olgreb {rPois∞}
    90 | D        | Found a transporter.
    91 | D        | Reached ** piety under Trog
    98 | D        | Reached XP level 5. HP: 50/50 MP: 5/5
   105 | D        | Got the ring "Fyasor" {rCorr MP+9 Slay+4 Stlth+}
   111 | D        | Entered arena 5.
   111 | D        | Noticed a swamp drake
   111 | D        | Noticed a rime drake
   111 | D        | Noticed a steam dragon
   111 | D        | Noticed a steam dragon
   111 | D        | Found a transporter.
   121 | D        | Killed a swamp drake
   121 | D        | Reached *** piety under Trog
   121 | D        | Killed a steam dragon
   121 | D        | Slain by a steam dragon

Illustrated notes

Levels and vault maps discovered:
D:        sprint_v [room_start, room_1, room_2, room_3, room_4, room_5, room_6,
          room_7, room_8, room_9, room_10, room_11, room_12, room_13, room_14,
          room_15, room_16, room_17, room_18, room_19, room_20, room_21,
          room_22, room_23, room_24, room_25, room_26, room_27]

Skill      XL: |  1 |
---------------+----+-----
Fighting       | 5 |  5.7
Long Blades    | 3 |  3.4
Armour         | 7 |  7.4
Shields        | 6 |  6.6

Action                     |  1- 3 |  4- 6 || total
---------------------------+-------+-------++-------
  Melee: Double sword      |     1 |    13 ||    14
 Invoke: Berserk           |       |     1 ||     1
 Armour: Plate armour      |       |    29 ||    29
  Block: Kite shield       |       |    18 ||    18
